 Dungeon Crawl Stone Soup version 0.18.1-48-g4cf74bf (webtiles) character file.

92 Mesmaeker13 the Caller (level 4, -4/36 HPs)
             Began as a Naga Summoner on July 5, 2016.
             Slain by a water moccasin (6 damage)
             ... on level 4 of the Dungeon.
             The game lasted 00:09:03 (4786 turns).

Mesmaeker13 the Caller (Naga Summoner)              Turns: 4786, Time: 00:09:03

Health: -4/36      AC:  3    Str: 11    XL:     4   Next: 60%
Magic:  6/7        EV: 10    Int: 15    God:
Gold:   140        SH:  0    Dex: 12    Spells: 2 memorised, 4 levels left

rFire  . . .     SeeInvis +     s - +0 short sword
rCold  . . .     Gourm    .     a - +0 robe
rNeg   . . .     Faith    .     (no shield)
rPois  +         Spirit   .     (no helmet)
rElec  .         Dismiss  .     (no cloak)
rCorr  .         Reflect  .     j - +0 pair of gloves
SustAt .         Harm     .     (no barding)
MR     .....                    (no amulet)
Stlth  ++++......               (no ring)
                                l - ring of stealth

@: lethally poisoned (-4 -> -9), very slow, not resistant to hostile
enchantments, stealthy
A: see invisible, deformed body, poison resistance, slowness 2, slow metabolism
1, spit poison 2, AC +1
a: Spit Poison


You were on level 4 of the Dungeon.
You were not hungry.

You visited 1 branch of the dungeon, and saw 4 of its levels.

You collected 140 gold pieces.

Inventory:

Hand Weapons
 s - a +0 short sword (weapon)
Armour
 a - a +0 robe (worn)
 j - a +0 pair of gloves (worn)
Jewellery
 l - a ring of stealth (left hand)
Scrolls
 c - a scroll of remove curse {unknown}
 e - 2 scrolls of noise {unknown}
 i - 5 scrolls of identify {unknown}
 m - a scroll of amnesia {unknown}
Potions
 d - 2 potions of haste
 h - 2 potions of flight {unknown}
 k - a potion of cancellation {unknown}
 o - 3 potions of ambrosia {unknown}
 p - 2 potions of curing {unknown}
 q - 2 potions of lignification {unknown}
 r - a potion of invisibility {unknown}
Books
 b - a book of Callings

   Spells                             Type                      Level
   a - Summon Small Mammal            Summoning                    1
   b - Call Imp                       Summoning                    2
   c - Call Canine Familiar           Summoning                    3
   d - Summon Guardian Golem          Hexes/Summoning              3
   e - Summon Lightning Spire         Summoning/Air                4
   f - Summon Ice Beast               Ice/Summoning                4
Comestibles
 f - 4 meat rations
 g - 4 chunks of flesh


   Skills:
 + Level 2.4 Dodging
 + Level 4.1 Stealth
 - Level 2.0 Spellcasting
 + Level 5.0 Summonings


You had 4 spell levels left.
You knew the following spells:

 Your Spells              Type           Power        Failure   Level  Hunger
a - Summon Small Mammal   Summ           ###.         2%          1    #......
b - Call Imp              Summ           ###.....     4%          2    ###....


Dungeon Overview and Level Annotations

Branches:
Dungeon (4/15)
 Temple: D:4-7

Altars:
Ru

Annotations:
D:3 Metae's ghost, amateur DESu


Innate Abilities, Weirdness & Mutations

You cannot wear boots.
Your serpentine skin is tough (AC +1).
You have supernaturally acute eyesight.
Armour fits poorly on your strangely shaped body.
Your system is resistant to poisons.
You cover ground very slowly.
You have a slow metabolism.
You can spit poison.


Message History

The water moccasin is moderately wounded.
The water moccasin bites you!
* * * LOW HITPOINT WARNING * * *
You are lethally poisoned!
The water moccasin poisons you! The water moccasin bites you.
* * * LOW HITPOINT WARNING * * *
Your crimson imp blinks!
* * * LOW HITPOINT WARNING * * *
You feel sick.
The water moccasin bites you but does no damage.
* * * LOW HITPOINT WARNING * * *
You feel sick. The water moccasin barely misses you.
* * * LOW HITPOINT WARNING * * *
You feel sick.
Your crimson imp blinks!
The water moccasin closely misses you.
Your crimson imp blinks!
* * * LOW HITPOINT WARNING * * *
You feel sick. The water moccasin bites you.
You die...

...... ...<.# #.##.#
# #§##.# ##.#5##.#
#.....#.###
.....#.#.....#
.###.....#.#.#######
##.#.##§.S@.....#
#.#. ###.#####.#
#.#. #.# #.# #...
#.# #.# .# #.# #.#
#.# #<# #.# #.# #.#
#.# ..$ #.#


You could see a water moccasin.

Vanquished Creatures
  An orc wizard (D:3)
  A dart slug (D:1)
  A giant gecko (D:1)
  2 orcs (D:3)
  11 bats
  A giant cockroach (D:1)
  4 hobgoblins
  3 jackals (D:2)
  A quokka (D:2)
  3 giant newts
  3 goblins (D:1)
  8 kobolds
  12 rats
51 creatures vanquished.

Vanquished Creatures (collateral kills)
  An adder (D:2)
  A worm (D:2)
  A dart slug (D:2)
  2 orcs (D:3)
  4 goblins
  A hobgoblin (D:2)
  A kobold (D:2)
  2 rats (D:1)
13 creatures vanquished.

Grand Total: 64 creatures vanquished

Notes
Turn   | Place    | Note
--------------------------------------------------------------
     0 | D:1      | Mesmaeker13 the Naga Summoner began the quest for the Orb.
     0 | D:1      | Reached XP level 1. HP: 15/15 MP: 3/3
   329 | D:1      | Reached XP level 2. HP: 3/22 MP: 3/5
  1844 | D:1      | Reached XP level 3. HP: 27/28 MP: 6/6
  2078 | D:2      | Learned a level 2 spell: Call Imp
  2756 | D:2      | Found a sacrificial altar of Ru.
  2977 | D:3      | Noticed Metae's ghost (amateur DESu)
  3534 | D:3      | Reached XP level 4. HP: 36/36 MP: 7/7
  3631 | D:3      | Reached skill level 5 in Summonings
  4770 | D:4      | Noticed a water moccasin
  4786 | D:4      | Slain by a water moccasin

Skill      XL: |  1  2  3  4 |
---------------+-------------+-----
Dodging        | 2 |  2.4
Stealth        | 4 |  4.1
Summonings     | 5 |  5.0
Spellcasting   | |  2.0

Action                   |  1- 3 |  4- 6 || total
-------------------------+-------+-------++-------
Melee: Unarmed           |    35 |       ||    35
       Club              |   133 |       ||   133
       Short sword       |    12 |    51 ||    63
 Cast: Summon Small Mamm |    14 |     7 ||    21
       Call Imp          |     5 |     4 ||     9
 Abil: Spit Poison       |     2 |     1 ||     3
  Use: Potion            |       |     1 ||     1
 Stab: Sleeping          |     9 |     2 ||    11
  Eat: Chunk             |     5 |     1 ||     6
       Bread ration      |     1 |       ||     1
Armor: Robe              |    69 |    17 ||    86
Dodge: Dodged            |   168 |    40 ||   208
